 Dungeon Crawl Stone Soup version 0.28-a0-595-g9f6c0e134a (webtiles) character file.

Game seed: 8110360796270195345

79 sleeves the Sneak (level 4, -2/30 HPs)
             Began as a Vampire Earth Elementalist on Oct 4, 2021.
             Killed from afar by Ijyb (9 damage)
             ... with a puff of flame
             ... on level 3 of the Dungeon.
             The game lasted 00:02:49 (1579 turns).

sleeves the Sneak (Vampire Earth Elementalist)      Turns: 1579, Time: 00:02:49

Health: -2/30      AC:  3    Str:  7    XL:     4   Next: 17%
Magic:  16/16      EV: 12    Int: 18    God:
Gold:   104        SH:  0    Dex: 14    Spells: 6/7 levels left

rFire   . . .      SeeInvis +   j - +2 dagger (elec)
rCold   . . .      Faith    .   (no shield)
rNeg    . . .      Spirit   .   b - +0 robe
rPois   .          Reflect  .   t - +0 helmet
rElec   .          Harm     .   (no cloak)
rCorr   .          Rampage  .   (no gloves)
Will    .....                   (no boots)
Stlth   +++.......              (no amulet)
HPRegen 0.30/turn               g - ring of magical power
MPRegen 0.15/turn               (no ring)

@: healing quickly
A: alive, fangs 3, see invisible, vampiric 2
a: Exsanguinate


You were on level 3 of the Dungeon.
You visited 1 branch of the dungeon, and saw 3 of its levels.

You collected 104 gold pieces.

Inventory:

Hand Weapons
 a - a +0 dagger
   (You found it on level 1 of the Dungeon)
 j - a +2 dagger of electrocution (weapon)
   (You took it off a kobold on level 1 of the Dungeon)
Missiles
 c - 82 stones
Armour
 b - a +0 robe (worn)
 t - a +0 helmet (worn)
   (You found it on level 3 of the Dungeon)
Jewellery
 g - a ring of magical power (left hand)
   (You found it on level 1 of the Dungeon)
 u - an amulet of reflection
   (You found it on level 3 of the Dungeon)
Scrolls
 f - a scroll of teleportation {unknown}
 h - a scroll of acquirement {unknown}
 i - 4 scrolls of identify {unknown}
 l - a scroll of blinking {unknown}
 m - a scroll of torment {unknown}
 q - a scroll of fear {unknown}
 s - a scroll of amnesia {unknown}
Potions
 d - a potion of degeneration {unknown}
 e - 2 potions of curing
 k - a potion of brilliance {unknown}
 n - a potion of lignification {unknown}
 o - a potion of might {unknown}
 p - a potion of mutation {unknown}
 r - a potion of ambrosia {unknown}


   Skills:
 - Level 2.1 Dodging
 + Level 4.6 Stealth
 - Level 2.0 Spellcasting
 - Level 1.1 Transmutations
 * Level 4.5 Earth Magic


You had 6 spell levels left.
You knew the following spells:

 Your Spells              Type           Power      Damage    Failure   Level
a - Sandblast             Erth           36%        2d10      2%          1

Your spell library contained the following spells:

 Spells                   Type           Power      Damage    Failure   Level
 Passwall                 Tmut/Erth      9%         N/A       9%          2
 Stone Arrow              Conj/Erth      18%        3d8       22%         3
 Summon Guardian Golem    Hex/Summ       1%         N/A       47%         3
 Petrify                  Tmut/Erth      11%        N/A       50%         4
 Orb of Destruction       Conj           0%         N/A       100%        7
 Spellforged Servitor     Conj/Summ      0%         N/A       100%        7


Dungeon Overview and Level Annotations

Branches:
Dungeon (3/15)

Altars:
Cheibriados

Annotations:
D:3 Ijyb


Innate Abilities, Weirdness & Mutations

Your natural rate of healing is accelerated.
You have razor-sharp teeth.
You have supernaturally acute eyesight. (SInv)
You are afflicted with vampirism and can become a bat while bloodless.


Message History

You add the spells Sandblast, Passwall, Stone Arrow and Petrify to your library.
Welcome, sleeves the Vampire Earth Elementalist.
Will you be the one to retrieve the transcendent Orb of Zot from the depths?
Press ? for a list of commands and other information.
Found a staircase leading out of the dungeon.
You open the door.
There is an open door here.
There is an open door here.
You open the large door.
There is a large open door here.
A kobold comes into view. It is wielding a +0 club.
A kobold is nearby!
A kobold is nearby!
A kobold is nearby!
The kobold shouts!
A frilled lizard comes into view.
You hit the kobold but do no damage. The kobold hits you with a +0 club.
The blast of sand hits the kobold.
The kobold is severely wounded.
The kobold hits you but does no damage.
The blast of sand hits the kobold.
You kill the kobold!
The blast of sand misses the frilled lizard.
Found 26 stones.
There is a large open door here.
The blast of sand hits the frilled lizard!
You kill the frilled lizard!
There is a large open door here.
Magic restored.
You see here a frilled lizard corpse.
Found a dagger.
Found a hunting sling.
c - 52 stones (gained 26)
A goblin comes into view. It is wielding a +0 club.
A goblin is nearby!
You see here a +0 dagger.
a - a +0 dagger
a - a +0 dagger (weapon)
A goblin and a hobgoblin come into view.
The goblin shouts!
The hobgoblin shouts!
There are monsters nearby!
There are monsters nearby!
The blast of sand hits the hobgoblin!
You kill the hobgoblin!
You can't see any susceptible monsters within range! (Use Z to cast anyway.) Unknown command.
Unknown command.
The blast of sand hits the goblin.
You kill the goblin!
Things that are here:
a +0 club; a goblin corpse
d - a dark potion
e - an emerald potion
f - a scroll labelled USEUVO EB DAE A goblin is nearby!
A goblin is nearby!
The goblin shouts!
The blast of sand hits the goblin!
You kill the goblin!
Things that are here:
a +0 club; a goblin corpse
c - 69 stones (gained 20)
You pick up a book of Dangerous Friends and begin reading...
You add the spells Summon Guardian Golem, Orb of Destruction and Spellforged Servitor to your library.
A quokka comes into view.
A quokka is nearby!
A dart slug comes into view.
The blast of sand hits the quokka.
The quokka is heavily wounded.
The blast of sand hits the quokka.
You kill the quokka!
Found a leather armour.
The dart slug launches a dart at you. The slug dart hits you.
An endoplasm comes into view.
The dart slug bites you but does no damage.
You hit the dart slug.
The dart slug is lightly wounded.
The blast of sand hits the dart slug.
The dart slug is moderately wounded.
The dart slug closely misses you.
You are too depleted to draw on your mana recklessly!
You hit the dart slug.
The dart slug is heavily wounded.
The endoplasm quivers.
The dart slug completely misses you.
You hit the dart slug.
The dart slug is severely wounded.
The dart slug bites you.
You hit the dart slug but do no damage.
The dart slug is severely wounded.
You hit the dart slug.
The dart slug is almost dead.
The dart slug bites you.
You are too injured to fight recklessly!
You hit the dart slug but do no damage.
The dart slug is almost dead.
The endoplasm freezes you.
You are frozen.
The dart slug launches a dart at you. The slug dart hits you.
* * * LOW HITPOINT WARNING * * *
Casting: Sandblast (safe; 4% risk of failure)
Confirm with . or Enter, or press ? or * to list all spells.
Aiming: Sandblast (safe; 4% risk of failure)
Press: ? - help, Shift-Dir - straight line, f/p - dart slug
Aim: a dart slug (almost dead, 100% to hit)
The blast of sand hits the endoplasm!
You kill the endoplasm!
You have reached level 2!
The dart slug closely misses you.
You hit the dart slug but do no damage.
The dart slug is severely wounded.
You hit the dart slug but do no damage.
The dart slug is severely wounded.
The dart slug bites you.
* * * LOW HITPOINT WARNING * * *
You hit the dart slug.
The dart slug is severely wounded.
The dart slug launches a dart at you. The slug dart misses you.
You hit the dart slug.
You kill the dart slug!
You start resting.
Magic restored.
HP restored.
A frilled lizard comes into view.
The frilled lizard hisses angrily.
A hobgoblin comes into view.
There are monsters nearby!
There are monsters nearby!
There are monsters nearby!
You can't see any susceptible monsters within range! (Use Z to cast anyway.)
The hobgoblin shouts!
The blast of sand hits the hobgoblin!
You kill the hobgoblin!
The blast of sand hits the frilled lizard.
You kill the frilled lizard!
Okay, then.
Okay, then.
Unknown command.
Okay, then.
You see here a hobgoblin corpse.
Found a leather armour.
A ball python comes into view.
A ball python is nearby!
A ball python is nearby!
A goblin comes into view. It is wielding a +0 club.
The goblin shouts!
You can't see any susceptible monsters within range! (Use Z to cast anyway.)
The blast of sand hits the goblin!
You kill the goblin!
A ball python is nearby!
A ball python is nearby!
A ball python is nearby!
The blast of sand hits the ball python!
You kill the ball python!
You see here a +0 leather armour.
Things that are here:
a +0 club; a goblin corpse
Found a stone staircase leading down.
Found a stone staircase leading down.
g - a ring of magical power You feel your magic capacity increase.
g - a ring of magical power (left hand)
h - a scroll labelled GISSYU XEECOQE
i - a scroll labelled POOBLAO HOONU You see here a +0 club.
A giant cockroach comes into view.
A giant cockroach is nearby!
The giant cockroach misses you.
The giant cockroach completely misses you.
You closely miss the giant cockroach. Your bite misses the giant cockroach.
The giant cockroach misses you.
You hit the giant cockroach.
The giant cockroach is moderately wounded.
The giant cockroach bites you.
You hit the giant cockroach but do no damage.
You bite the giant cockroach.
The giant cockroach is severely wounded.
The giant cockroach barely misses you.
You hit the giant cockroach.
The giant cockroach is almost dead.
The giant cockroach bites you but does no damage.
You barely miss the giant cockroach.
You bite the giant cockroach, but do no damage.
The giant cockroach is almost dead.
The giant cockroach barely misses you. The giant cockroach bites you.
You hit the giant cockroach but do no damage.
The giant cockroach is almost dead.
The giant cockroach closely misses you.
You hit the giant cockroach but do no damage.
The giant cockroach is almost dead.
The giant cockroach bites you.
You hit the giant cockroach.
You kill the giant cockroach!
No target in view!
No target in view!
No target in view!
There is a large open door here.
You open the door.
There is a large open door here.
A bat and a jackal come into view.
Found a stone staircase leading down.
There are monsters nearby!
There are monsters nearby!
There are monsters nearby!
A quokka comes into view.
A bat comes into view.
The helpless bat fails to defend itself.
You puncture the bat!
You kill the bat!
The blast of sand hits the quokka!
You kill the quokka!
A jackal comes into view.
Found a scroll labelled NOTEUHA EH ZAA.
A kobold comes into view.
It is wielding a +2 dagger of electrocution.
The kobold shouts!
The blast of sand hits the jackal!
You kill the jackal!
The jackal barks!
The blast of sand hits the jackal.
You kill the jackal!
The blast of sand hits the kobold!
You kill the kobold!
The blast of sand hits the bat!
You kill the bat!
Things that are here:
a +2 dagger of electrocution; a kobold corpse
Okay, then.
j - a +2 dagger of electrocution You hear the crackle of electricity.
j - a +2 dagger of electrocution (weapon)
A frilled lizard comes into view.
You see here a scroll labelled NOTEUHA EH ZAA.
A frilled lizard is nearby!
A frilled lizard is nearby!
A frilled lizard is nearby!
Found 13 gold pieces.
Found an escape hatch in the floor.
A kobold comes into view. It is wielding a +0 short sword.
You can't see any susceptible monsters within range! (Use Z to cast anyway.)
The frilled lizard hisses angrily.
The kobold shouts!
The frilled lizard bites you.
You hit the frilled lizard.
You kill the frilled lizard!
The kobold throws a stone.
The stone closely misses you.
The blast of sand hits the kobold!
You kill the kobold!
k - a fuming yellow potion You now have 13 gold pieces.
c - 56 stones (gained 1)
Things that are here:
a +0 short sword; a kobold corpse
l - a scroll labelled YNURYEPOCIL
m - a scroll labelled NOTEUHA EH ZAA You open the large door.
You see here a +0 club.
A dart slug comes into view.
A dart slug is nearby!
A dart slug is nearby!
The helpless dart slug fails to defend itself.
You puncture the dart slug!
You kill the dart slug!
You have reached level 3!
Your experience leads to an increase in your attributes!
Increase (S)trength, (I)ntelligence, or (D)exterity?
You feel clever.
You can now turn into a vampire bat when bloodless.
You see here a dart slug corpse.
A kobold comes into view. It is wielding a +0 short sword.
A kobold is nearby!
A kobold is nearby!
A kobold is nearby!
The helpless kobold fails to defend itself.
You puncture the kobold!
You kill the kobold!
No target in view!
Things that are here:
a +0 short sword; a kobold corpse Partly explored, can't reach some places.
Partly explored, can't reach some places.
Partly explored, can't reach some places.
Okay, then.
Partly explored, can't reach some places.
Partly explored, can't reach some places.
(D) Dungeon
Where to? (? - help)
There is a stone staircase leading down here.
You climb downwards.
Found a bubbling pink potion.
Found a stone staircase leading up.
There is a stone staircase leading up here.
A bat is nearby!
A bat is nearby!
A bat is nearby! 2 jackals come into view.
The blast of sand hits the bat!
You kill the bat!
Your Stealth skill increases to level 4!
A jackal comes into view.
Found 4 gold pieces.
A jackal comes into view.
Found a stone staircase leading up.
The jackal barks! x2
A quokka comes into view.
You can't see any susceptible monsters within range! (Use Z to cast anyway.)
Found a stone staircase leading down.
The blast of sand hits the jackal!
You kill the jackal!
The blast of sand hits the jackal.
The jackal is heavily wounded.
A bat comes into view.
The blast of sand hits the jackal.
You kill the jackal!
The jackal closely misses you.
A quokka comes into view.
The blast of sand misses the jackal.
The bat hits you but does no damage.
The jackal bites you but does no damage.
The bat completely misses you. The jackal barely misses you.
A goblin comes into view. It is wielding a +0 club.
The jackal closely misses you.
The blast of sand hits the jackal!
You kill the jackal!
The goblin shouts!
The bat completely misses you. The jackal closely misses you.
An endoplasm comes into view.
The quokka bites you but does no damage.
The blast of sand hits the jackal!
You kill the jackal!
The endoplasm quivers.
The bat closely misses you. The quokka barely misses you.
Your Earth Magic skill increases to level 4!
The blast of sand hits the quokka!
You kill the quokka!
The bat barely misses you.
The blast of sand misses the quokka.
The bat barely misses you. The quokka barely misses you.
The blast of sand hits the quokka.
You kill the quokka!
The bat closely misses you. The bat barely misses you.
The blast of sand hits the goblin!
You kill the goblin!
The bat hits you but does no damage.
The blast of sand misses the bat.
The bat misses you.
The blast of sand hits the endoplasm.
The endoplasm is severely wounded.
The bat closely misses you. The endoplasm hits you.
The blast of sand hits the endoplasm!
You kill the endoplasm!
The bat hits you.
You miscast Sandblast.
You are very lightly contaminated with residual magic.
Nothing appears to happen.
* * * LOW MAGIC WARNING * * *
The bat hits you. The bat misses you.
You closely miss the bat. You bite the bat.
You kill the bat!
No target in view!
No target in view!
Your magical contamination has completely faded away.
HP restored.
A quokka comes into view.
A quokka is nearby!
A quokka is nearby!
A quokka is nearby!
You see here a jackal corpse.
You hit the quokka but do no damage. The quokka barely misses you.
You hit the quokka. Lightning courses through the quokka!!
You kill the quokka!
No target in view!
No target in view!
Magic restored.
Things that are here:
a +0 club; a jackal corpse
n - a bubbling pink potion
Found 15 bolts.
You now have 17 gold pieces (gained 4).
A quokka comes into view.
Found 10 gold pieces.
A quokka is nearby!
A quokka comes into view.
An adder comes into view.
The adder moves out of view.
Found an emerald potion.
The helpless quokka fails to defend itself.
You puncture the quokka!
You kill the quokka!
You hit the quokka.
The quokka is heavily wounded.
The quokka bites you.
You hit the quokka. Your bite misses the quokka.
The quokka is severely wounded.
The quokka barely misses you.
You barely miss the quokka.
The quokka is severely wounded.
The quokka bites you.
You hit the quokka but do no damage.
The quokka is severely wounded.
The quokka closely misses you.
You barely miss the quokka.
The quokka is severely wounded.
The quokka barely misses you. The quokka misses you.
You barely miss the quokka.
The quokka is severely wounded.
The quokka barely misses you.
You closely miss the quokka. You bite the quokka.
You kill the quokka!
No target in view!
Key pressed, stopping explore.
o - a white potion You now have 27 gold pieces (gained 10).
Found a stone staircase leading down.
A hobgoblin comes into view.
A hobgoblin is nearby!
A hobgoblin is nearby!
A hobgoblin is nearby!
Found 10 gold pieces.
The blast of sand hits the hobgoblin.
The hobgoblin is almost dead.
The hobgoblin shouts!
You hit the hobgoblin but do no damage.
You bite the hobgoblin, but do no damage.
The hobgoblin is almost dead.
The hobgoblin hits you but does no damage.
You hit the hobgoblin.
You kill the hobgoblin!
No target in view!
p - a smoky black potion You see here a hobgoblin corpse.
You now have 37 gold pieces (gained 10).
e - 2 emerald potions (gained 1)
An adder comes into view.
An adder is nearby!
An adder is nearby!
An adder is nearby!
Found a robe.
The adder hisses angrily.
The adder bites you. The adder bites you but does no damage.
You barely miss the adder. The adder barely misses you.
You hit the adder. Lightning courses through the adder!
You kill the adder!
You see here a +0 robe.
You now have 46 gold pieces (gained 9).
An endoplasm comes into view.
An endoplasm is nearby!
An endoplasm is nearby!
An endoplasm is nearby!
No target in view!
No target in view!
No target in view!
No target in view!
No target in view!
No target in view!
No target in view!
No target in view!
No target in view!
No target in view!
No target in view!
The endoplasm quivers.
You hit the endoplasm.
The endoplasm is severely wounded.
The endoplasm freezes you.
You are frozen.
You hit the endoplasm but do no damage.
The endoplasm is severely wounded.
The endoplasm completely misses you.
You hit the endoplasm.
You kill the endoplasm!
No target in view!
No target in view!
No target in view!
No target in view!
No target in view!
Found a stone staircase leading down.
You now have 51 gold pieces (gained 5).
You now have 55 gold pieces (gained 4).
You now have 67 gold pieces (gained 12).
You now have 73 gold pieces (gained 6).
An endoplasm comes into view.
The endoplasm quivers.
An endoplasm is nearby!
An endoplasm is nearby!
The endoplasm hits you but does no damage.
You completely miss the endoplasm. The endoplasm freezes you.
You are frozen.
You hit the endoplasm.
The endoplasm is moderately wounded.
The endoplasm hits you.
You hit the endoplasm.
Lightning courses through the endoplasm!
You kill the endoplasm!
No target in view!
No target in view!
There is a stone staircase leading down here.
An adder is nearby!
An adder is nearby!
An adder is nearby!
An adder is nearby!
An adder is nearby!
The blast of sand hits the adder!
You kill the adder!
You have reached level 4!
You see here a quokka skeleton.
A ball python comes into view.
A ball python is nearby!
A ball python is nearby!
A ball python is nearby!
A ball python is nearby!
The ball python hisses angrily.
The ball python misses you. The ball python completely misses you.
You hit the ball python.
The ball python is heavily wounded.
The ball python bites you. The ball python closely misses you.
The ball python bites you. The ball python barely misses you.
You closely miss the ball python.
The ball python is heavily wounded.
The ball python misses you. The ball python grabs you.
The ball python constricts you.
You hit the ball python.
You kill the ball python!
A ball python comes into view.
A ball python is nearby!
A ball python is nearby!
A ball python is nearby!
The ball python hisses angrily.
The blast of sand hits the ball python!
You kill the ball python!
You now have 83 gold pieces (gained 10).
Found a mace.
You see here a +0 mace.
A dart slug comes into view.
Found a scroll labelled JAMMIDYNOI, 24 stones and a ruby potion.
A dart slug is nearby!
A dart slug is nearby!
The blast of sand hits the dart slug!
The dart slug is severely wounded.
The dart slug closely misses you.
You hit the dart slug.
Lightning courses through the dart slug!!
You kill the dart slug!
No target in view!
q - a scroll labelled JAMMIDYNOI
c - 62 stones (gained 24)
r - a ruby potion No target in view!
No target in view!
Done exploring.
Done exploring.
Done exploring.
Done exploring.
Done exploring.
(D) Dungeon
Where to? (Enter - D:2, ? - help)
There is a stone staircase leading down here.
You climb downwards.
Found 9 gold pieces.
There is a stone staircase leading up here.
You now have 92 gold pieces (gained 9).
An endoplasm comes into view.
An endoplasm is nearby!
An endoplasm is nearby!
An endoplasm is nearby!
Found a stone staircase leading down.
The endoplasm quivers.
The endoplasm freezes you.
You are frozen.
You hit the endoplasm.
Lightning courses through the endoplasm!
You kill the endoplasm!
No target in view!
No target in view!
HP restored.
Found an escape hatch in the floor.
i - 4 scrolls labelled POOBLAO HOONU (gained 3)
s - a scroll labelled ENWOENW GAYSE
t - a +0 helmet No target in view!
No target in view!
You start putting on your armour.
You continue putting on your +0 helmet. x4
You finish putting on your +0 helmet.
Found a stone staircase leading up.
A frilled lizard comes into view.
A frilled lizard is nearby!
A frilled lizard is nearby!
The frilled lizard hisses angrily.
You hit the frilled lizard.
You kill the frilled lizard!
No target in view!
u - an amulet of reflection You now have 104 gold pieces (gained 12).
c - 84 stones (gained 22)
A dart slug comes into view.
Found a snail-covered altar of Cheibriados.
A dart slug is nearby!
A dart slug is nearby!
No reachable target in view!
You can't see any susceptible monsters within range! (Use Z to cast anyway.) No reachable target in view!
Casting: Sandblast (safe; 2% risk of failure)
Confirm with . or Enter, or press ? or * to list all spells.
You can't see any susceptible monsters within range! (Use Z to cast anyway.) Unknown command.
Casting: Sandblast (safe; 2% risk of failure)
Confirm with . or Enter, or press ? or * to list all spells.
Aiming: Sandblast (safe; 2% risk of failure)
Press: ? - help, Shift-Dir - straight line, f - dart slug
Aim: a dart slug (asleep, 100% to hit)
The blast of sand hits the dart slug!
You kill the dart slug!
Magic restored.
Ijyb the Twisted Goblin comes into view.
She is wielding a +0 club and carrying a wand of flame (18).
Ijyb is nearby!
Ijyb is nearby!
Found a scroll labelled PYUPAT QIN OWIS.
The blast of sand hits Ijyb.
Ijyb is lightly wounded.
Ijyb zaps a wand.
The puff of flame hits you!
You are too injured to fight recklessly!
You hit Ijyb but do no damage.
Ijyb is lightly wounded.
Ijyb hits you with a +0 club.
* * * LOW HITPOINT WARNING * * *
You hit Ijyb but do no damage. Lightning courses through Ijyb!!
Ijyb is almost dead.
Ijyb hits you with a +0 club.
* * * LOW HITPOINT WARNING * * *
You hit Ijyb but do no damage.
Ijyb is almost dead.
Ijyb drinks a potion.
Ijyb is healed!
You hit Ijyb but do no damage.
Ijyb is heavily wounded.
Ijyb hits you but does no damage.
You hit Ijyb but do no damage.
Ijyb is heavily wounded.
Ijyb misses you.
You barely miss Ijyb.
Ijyb is heavily wounded.
Ijyb hits you with a +0 club.
* * * LOW HITPOINT WARNING * * *
You closely miss Ijyb.
Ijyb is heavily wounded.
Ijyb hits you with a +0 club.
* * * LOW HITPOINT WARNING * * *
You hit Ijyb but do no damage.
Ijyb is heavily wounded.
Ijyb screams, "Die!"
Ijyb zaps a wand.
The puff of flame hits you!
You die...

.≈≈≈≈≈.#
...............####..
.≈≈≈≈≈.#
##.####.#............
.......# ##
#.##.....#####. #?
..#####..# #.#### #..#
#. #..###### ###.###
#..#.≈≈≈##
##.....######...≈≈≈≈≈#
#...g@..........≈≈.≈≈_
#....?..........≈≈≈≈≈#
#................#.≈≈≈##
###.....$##############
###.#### #. #. #.


You could see Ijyb.

Vanquished Creatures
  2 adders (D:2)
  4 dart slugs
  4 bats
  5 endoplasms
  A giant cockroach (D:1)
  4 goblins
  3 hobgoblins
  6 jackals
  4 kobolds (D:1)
  7 quokkas
  3 ball pythons
  4 frilled lizards
47 creatures vanquished.

Notes
Turn   | Place    | Note
-------+----------+-------------------------------------------
     0 | D:1      | sleeves the Vampire Earth Elementalist began the quest for
                  | the Orb.
     0 | D:1      | Reached XP level 1. HP: 13/13 MP: 3/3
   262 | D:1      | HP: 3/13 [dart slug/slug dart (5)]
   268 | D:1      | Reached XP level 2. HP: 6/19 MP: 0/5
   270 | D:1      | HP: 4/19 [dart slug (2)]
   738 | D:1      | Gained mutation: You are afflicted with vampirism and can
                  | become a bat while bloodless. [Vampire growth]
   738 | D:1      | Reached XP level 3. HP: 24/24 MP: 6/6
   798 | D:2      | Reached skill level 4 in Stealth
   808 | D:2      | Reached skill level 4 in Earth Magic
  1162 | D:2      | Reached XP level 4. HP: 30/30 MP: 7/7
  1553 | D:3      | Found a snail-covered altar of Cheibriados.
  1566 | D:3      | Noticed Ijyb
  1572 | D:3      | HP: 14/30 [Ijyb (5)]
  1577 | D:3      | HP: 9/30 [Ijyb (3)]
  1579 | D:3      | Killed from afar by Ijyb

Illustrated notes

Levels and vault maps discovered:
D:1:      denvon_arrival_planthouse, layout_rooms
D:2:      layout_rooms
D:3:      layout_loops_ring, kennysheep_slug_shrine, minivault_14, uniq_sigmund,
          uniq_terence, uniq_ijyb

Skill      XL: |  1  2  3 |
---------------+----------+-----
Stealth        | 4 |  4.6
Earth Magic    | 4 |  4.5
Dodging        | |  2.1
Spellcasting   | |  2.0
Transmutations | |  1.1

Action                   |  1- 3 |  4- 6 || total
-------------------------+-------+-------++-------
Melee: Dagger            |    43 |    14 ||    57
       Unarmed           |     1 |       ||     1
       Bite              |     5 |       ||     5
 Cast: Sandblast         |    37 |     4 ||    41
 Stab: Sleeping          |     4 |       ||     4
Armor: Robe              |    10 |     1 ||    11
Dodge: Dodged            |    35 |     7 ||    42

Table legend: (Time is in decaauts)
 A = Elapsed time spent in this place.
 B = Non-inter-level travel time spent in this place.
 C = Inter-level travel time spent in this place.
 D = Time resting spent in this place.
 E = Time spent auto-exploring this place.
 F = Levels seen in this place.
 G = Mean time per level.
                   A        B        C        D        E       F      G
               +--------+--------+--------+--------+--------+-----+--------+
         Total |   1577 |   1531 |     46 |     45 |   1181 |   3 |  525.7 |
       Dungeon |   1577 |   1531 |     46 |     45 |   1181 |   3 |  525.7 |
               +--------+--------+--------+--------+--------+-----+--------+

Top non-repeatable levels by time:
     D:1: 793 daAuts
     D:2: 571 daAuts
     D:3: 211 daAuts
